 Dungeon Crawl Stone Soup version 0.19.1 (webtiles) character file.

823 Host24 the Fighter (level 8, -8/54 HPs)
             Began as a Kobold Hunter on Dec 31, 2016.
             Shot with an arrow by a centaur (13 damage)
             ... on level 5 of the Dungeon.
             The game lasted 00:07:32 (4059 turns).

Host24 the Fighter (Kobold Hunter)                  Turns: 4059, Time: 00:07:33

Health: -8/54      AC:  6    Str: 10    XL:     8   Next: 17%
Magic:  8/8        EV: 17    Int: 12    God:
Gold:   181        SH:  0    Dex: 17    Spells: 0 memorised, 7 levels left

rFire  . . .     SeeInvis .     a - +1 hand crossbow
rCold  . . .     Gourm    .     K - +2 robe {MR+}
rNeg   . . .     Faith    .     (shield restricted)
rPois  .         Spirit   .     o - +2 hat
rElec  .         Reflect  .     (no cloak)
rCorr  .         Harm     .     (no gloves)
MR     +....                    (no boots)
Stlth  ++........               (no amulet)
                                (no ring)
                                (no ring)

@: no status effects
A: carnivore 3
a: no special abilities


You were on level 5 of the Dungeon.
You were very full.

You visited 1 branch of the dungeon, and saw 5 of its levels.

You collected 181 gold pieces.

Inventory:

Hand Weapons
 a - a +1 hand crossbow (weapon)
 l - a +2 dagger of draining
 J - a +0 whip of flaming
Missiles
 d - 10 bolts (quivered)
 e - 113 stones
 i - 98 arrows
 j - 6 needles of frenzy
 q - 40 sling bullets
 v - a throwing net
Armour
 c - a +0 robe of positive energy
 o - a +2 hat (worn)
 K - a +2 robe of magic resistance (worn)
Jewellery
 D - an uncursed ring of positive energy {unknown}
 G - an uncursed ring of ice {unknown}
Scrolls
 g - 2 scrolls of identify {unknown}
 h - 3 scrolls of teleportation {unknown}
 k - 2 scrolls of recharging {unknown}
 p - 4 scrolls of remove curse {unknown}
 t - 3 scrolls of amnesia {unknown}
 w - a scroll of enchant armour {unknown}
 y - a scroll of noise {unknown}
 C - a scroll of magic mapping {unknown}
Potions
 n - a potion of curing
 r - a potion of magic {unknown}
 s - a potion of berserk rage {unknown}
 u - a potion of flight {unknown}
 x - a potion of heal wounds {unknown}
 A - 2 potions of haste {unknown}
 E - a potion of invisibility {unknown}
 F - 2 potions of agility {unknown}
 I - a potion of ambrosia {unknown}
Comestibles
 b - 3 chunks of flesh
 f - 3 meat rations
 z - a beef jerky
 B - a royal jelly


   Skills:
 - Level 8.0 Fighting
 - Level 6.4 Crossbows
 + Level 4.8 Dodging
 - Level 1.3 Stealth


You had 7 spell levels left.
You didn't know any spells.

Dungeon Overview and Level Annotations

Branches:
Dungeon (5/15)
 Temple: D:4-7

Altars:

Shops:
D:5 [


Innate Abilities, Weirdness & Mutations

You are small and have problems with some larger weapons.
You are carnivorous and can eat meat at any time.


Message History

* * * LOW HITPOINT WARNING * * *
The centaur shoots an arrow.
The arrow barely misses you.
You see here an arrow.
Wield which item (- for none, * to show all)? (? for menu, Esc to quit)
a - a +1 hand crossbow (weapon)
The centaur shoots an arrow.
The arrow barely misses you.
Firing (i - inventory. (,) - cycle):
d - 12 bolts (quivered)
Press: ? - help, Shift-Dir - straight line, f - centaur
Aim: a centaur, wielding a shortbow You shoot a bolt.
The bolt hits the centaur.
The centaur is moderately wounded.
The centaur shoots an arrow.
The arrow closely misses you.
Firing (i - inventory. (,) - cycle):
d - 11 bolts (quivered)
Press: ? - help, Shift-Dir - straight line, f/p - centaur
Aim: a centaur, wielding a shortbow (moderately wounded)
You shoot a bolt. The bolt hits the centaur.
The centaur is heavily wounded.
The centaur shoots an arrow.
The arrow barely misses you.
The centaur shoots an arrow.
The arrow hits you!
You die...

######### #.......# ....
+.......# .... #.......#
.....
####.......######....
#..))#'##.........c#
#..))#..#..........#
#....#..#...(......#
#....#..#....(@....+ ##
#....#..+...(......# .#
#....####..(.......###.#
##..........#+##.......#
#..........#
#..<..<.#####
#..........#
#.............
#..........#
#.............
#..........#
#.............
#..........
##.............


You could see a centaur.

Vanquished Creatures
  Pikel (D:4)
  2 slaves (D:4)
  Blork the orc (D:5)
  An orc priest (D:3)
  3 orc wizards (D:5)
  A worker ant (D:4)
  An iguana (D:4)
  A howler monkey skeleton (D:4)
  5 adders
  A shadow imp (D:5)
  An ooze (D:1)
  2 worms
  3 dart slugs
  8 orcs
  6 bats
  3 giant cockroaches
  5 hobgoblins
  13 jackals
  6 frilled lizards
  10 goblins
  9 kobolds
  7 rats
90 creatures vanquished.

Vanquished Creatures (others)
  2 jackals (D:4)
2 creatures vanquished.

Grand Total: 92 creatures vanquished

Notes
Turn   | Place    | Note
-------+----------+-------------------------------------------
     0 | D:1      | Host24 the Kobold Hunter began the quest for the Orb.
     0 | D:1      | Reached XP level 1. HP: 12/12 MP: 1/1
   111 | D:1      | Reached skill level 3 in Fighting
   111 | D:1      | Reached XP level 2. HP: 12/19 MP: 2/2
   464 | D:1      | Reached XP level 3. HP: 19/23 MP: 3/3
   471 | D:1      | Reached skill level 5 in Crossbows
  1304 | D:2      | Reached XP level 4. HP: 28/28 MP: 4/4
  1962 | D:3      | Reached XP level 5. HP: 20/32 MP: 5/5
  2490 | D:3      | Reached skill level 4 in Fighting
  3312 | D:4      | Reached XP level 6. HP: 38/39 MP: 6/6
  3350 | D:4      | Noticed a slave
  3350 | D:4      | Noticed a slave
  3351 | D:4      | Noticed Pikel
  3370 | D:4      | Killed a slave
  3451 | D:4      | Noticed a slave
  3468 | D:4      | Killed a slave
  3480 | D:4      | Noticed a slave
  3493 | D:4      | Killed Pikel
  3493 | D:4      | Reached skill level 7 in Fighting
  3493 | D:4      | Reached XP level 7. HP: 34/48 MP: 7/7
  3713 | D:4      | Reached skill level 8 in Fighting
  3775 | D:5      | Entered Level 5 of the Dungeon
  3862 | D:5      | Found Gerchal's Antique Armour Boutique.
  3868 | D:5      | Noticed Blork the orc
  3886 | D:5      | Killed Blork the orc
  3886 | D:5      | Reached XP level 8. HP: 27/54 MP: 8/8
  4059 | D:5      | Shot with an arrow by a centaur

Skill      XL: |  1  2  3  4  5  6  7  8 |
---------------+-------------------------+-----
Fighting       | 3 4 7 8 |  8.0
Dodging        | 3 4 |  4.8
Crossbows      | 5 6 |  6.4
Stealth        | |  1.3

Action                   |  1- 3 |  4- 6 |  7- 9 || total
-------------------------+-------+-------+-------++-------
Melee: Short sword       |    59 |     4 |       ||    63
       Dagger            |    51 |   147 |    26 ||   224
       Whip              |       |       |     1 ||     1
 Fire: Hand crossbow     |     7 |    21 |    29 ||    57
Throw: Stone             |       |       |    14 ||    14
  Use: Potion            |       |       |     2 ||     2
 Stab: Sleeping          |     6 |     1 |       ||     7
  Eat: Chunk             |    10 |     7 |     1 ||    18
Armor: Leather armour    |    25 |    39 |       ||    64
       Robe              |       |       |    17 ||    17
Dodge: Dodged            |    80 |   122 |    76 ||   278
